 Dungeon Crawl Stone Soup version 0.27-a0-1188-g73eefd5def (webtiles) character file.

Game seed: 6900871405742816270

242 lunkers the Cutter (level 6, -2/32 HPs)
             Began as a Vine Stalker Fighter on May 20, 2021.
             Killed by divine providence
             ... invoked by an orc priest
              (12 damage)
             ... on level 4 of the Dungeon.
             The game lasted 00:05:25 (2928 turns).

lunkers the Cutter (Vine Stalker Fighter)           Turns: 2928, Time: 00:05:27

Health: -2/32      AC:  7    Str: 20    XL:     6   Next: 9%
Magic:  0/7        EV: 11    Int:  8    God:
Gold:   144        SH:  9    Dex: 14    Spells: 5/5 levels left

rFire    . . .     SeeInvis .   a - +0 rapier
rCold    . . .     Faith    .   c - +0 kite shield
rNeg     . . .     Spirit   +   b - +0 scale mail
rPois    .         Reflect  .   (no helmet)
rElec    .         Harm     .   (no cloak)
rCorr    .         Rampage  .   (no gloves)
Will     .....                  k - +0 pair of boots
Stlth    ..........             r - amulet of the acrobat
HPRegen  1.10/turn              g - +4 ring of evasion
MPRegen  0.10/turn              (no ring)

@: studying Fighting
A: fangs 2, regeneration 1, magic shield, antimagic bite, no potion heal 2
a: no special abilities


You were on level 4 of the Dungeon.
You visited 1 branch of the dungeon, and saw 4 of its levels.

You collected 144 gold pieces.

Inventory:

Hand Weapons
 a - a +0 rapier (weapon)
Armour
 b - a +0 scale mail (worn)
 c - a +0 kite shield (worn)
 k - a +0 pair of boots (worn)
Jewellery
 g - a +4 ring of evasion (left hand)
 q - a ring of flight
 r - an amulet of the acrobat (around neck)
Wands
 d - a wand of flame (13)
Scrolls
 e - a scroll of acquirement {unknown}
 f - a scroll of vulnerability {unknown}
 h - a scroll of identify
 n - 2 scrolls of immolation
 p - a scroll of magic mapping {unknown}
Potions
 i - 2 potions of curing
 j - a potion of brilliance {unknown}
 l - 2 potions of flight {unknown}
 m - a potion of lignification {unknown}
 o - a potion of mutation {unknown}


   Skills:
 - Level 2.6 Fighting
 * Level 5.6 Short Blades
 - Level 2.4 Armour
 - Level 2.6 Shields


You had 5 spell levels left.
You didn't know any spells.
Your spell library was empty.

Dungeon Overview and Level Annotations

Branches:
Dungeon (4/15)
 Temple: D:4-7

Altars:
Qazlal

Shops:
D:2 [


Innate Abilities, Weirdness & Mutations

You have extremely sharp teeth.
Your natural rate of healing is unusually fast.
When hurt, damage is shared between your health and your magic reserves.
Your bite disrupts and absorbs the magic of your enemies.
Potions cannot restore your health.


Message History

The orc priest invokes the aid of Beogh against you.
Beogh smites you!
* * * LOW HITPOINT WARNING * * *
You hit the orc wizard. Your bite misses the orc wizard.
The orc wizard is almost dead.
The orc wizard closely misses you.
You hit the orc wizard.
You kill the orc wizard!
You have reached level 6!
Your experience leads to an increase in your attributes!
Increase (S)trength, (I)ntelligence, or (D)exterity?
You feel stronger.
Aiming: Throw Flame
Press: ? - help, Shift-Dir - straight line, f - orc
Aim: an orc, wielding a +0 dagger (68% to hit)
The puff of flame hits something.
You hear some strange, mumbled words.
A magic dart appears from out of thin air!
The magic dart hits you!
* * * LOW MAGIC WARNING * * *
* * * LOW HITPOINT WARNING * * *
Unknown command.
The orc priest invokes the aid of Beogh against you.
Something writhes in agony!
Reactivating autopickup.
You feel a bit more experienced.
The orc priest looks encouraged for a moment.
As you read the scroll labelled WIPUMON SUCI, it crumbles to dust.
The creatures around you are filled with an inner flame!
It was a scroll of immolation.
You block the orc's attack.
The orc priest looks braver for a moment.
As you read the scroll labelled BUEXOR SEGUWNI, it crumbles to dust.
It is a scroll of identify.
i - 2 potions of curing The orc hits you with a +0 dagger.
* * * LOW HITPOINT WARNING * * *
The orc priest mumbles some strange prayers to Beogh against you.
Beogh smites you!
* * * LOW MAGIC WARNING * * *
You die... .. ... . ... #.#.# ##+# .#.## ##...## ooo

##.....## ###.#
##.....).## ##.#.#
#.........####.o).####
+.........'@oo).........
#..(......####....######
#.......## ##.#.#
##..†..## ###.# ###
##...## #.# †.# ##'##
#.# #<# #.# .# ..# #.#
#.# ##.#######


You could see an orc priest (inner flame) and 2 orcs.

Vanquished Creatures
  A hound (D:4)
  Natasha (twice) (D:3)
  An orc wizard (D:4)
  Terence (D:3)
  3 adders
  2 dart slugs (D:1)
  6 bats
  7 endoplasms
  4 giant cockroaches
  A goblin (D:1)
  7 hobgoblins
  3 jackals (D:2)
  4 quokkas
  4 ball pythons
  5 frilled lizards
  11 kobolds
  6 rats
68 creatures vanquished.

Vanquished Creatures (others)
  An orc wizard (D:4)
1 creature vanquished.

Grand Total: 69 creatures vanquished

Notes
Turn   | Place    | Note
-------+----------+-------------------------------------------
     0 | D:1      | lunkers the Vine Stalker Fighter began the quest for the
                  | Orb.
     0 | D:1      | Reached XP level 1. HP: 11/11 MP: 2/2
    61 | D:1      | Reached skill level 2 in Short Blades
   383 | D:1      | Reached XP level 2. HP: 2/16 MP: 0/3
   864 | D:1      | Reached skill level 3 in Short Blades
   943 | D:1      | Reached XP level 3. HP: 19/19 MP: 4/4
  1596 | D:2      | Found a stormy altar of Qazlal.
  1651 | D:2      | Gained mutation: Your natural rate of healing is unusually
                  | fast. [Vine Stalker growth]
  1651 | D:2      | Reached XP level 4. HP: 11/23 MP: 3/5
  1682 | D:2      | Found a faded altar of an unknown god.
  1779 | D:2      | Found Sudeapu's Armour Shoppe.
  1860 | D:2      | Reached skill level 4 in Short Blades
  2266 | D:3      | Noticed Terence
  2280 | D:3      | Killed Terence
  2289 | D:3      | Reached XP level 5. HP: 27/27 MP: 6/6
  2539 | D:3      | Noticed Natasha
  2545 | D:3      | Killed Natasha
  2738 | D:3      | Noticed Natasha
  2751 | D:3      | Killed Natasha
  2752 | D:3      | Reached skill level 5 in Short Blades
  2922 | D:4      | Reached XP level 6. HP: 11/32 MP: 2/7
  2928 | D:4      | Killed from afar by an orc priest

Illustrated notes

Levels and vault maps discovered:
D:1:      ebering_trefoil_3fold, layout_basic
D:2:      layout_loops_ring, serial_shops, nicolae_shop_crystal,
          shapermc_ecumenical_altar_starsandcircs, basic_altar
D:3:      layout_loops_cross, uniq_natasha, uniq_terence
D:4:      layout_loops_corners, wad_rectangle_vault

Skill      XL: |  1  2  3  4  5 |
---------------+----------------+-----
Short Blades   | 2 3 4 5 |  5.6
Fighting       | |  2.6
Armour         | |  2.4
Shields        | |  2.6

Action                   |  1- 3 |  4- 6 || total
-------------------------+-------+-------++-------
Melee: Rapier            |   107 |    91 ||   198
       Bite              |    26 |    15 ||    41
Evoke: Wand              |       |     1 ||     1
  Use: Potion            |       |     1 ||     1
       Scroll            |       |     2 ||     2
Armor: Scale mail        |    41 |    21 ||    62
Dodge: Dodged            |    51 |    36 ||    87
Block: Kite shield       |    42 |    35 ||    77

Table legend: (Time is in decaauts)
 A = Elapsed time spent in this place.
 B = Non-inter-level travel time spent in this place.
 C = Inter-level travel time spent in this place.
 D = Time resting spent in this place.
 E = Time spent auto-exploring this place.
 F = Levels seen in this place.
 G = Mean time per level.
                   A        B        C        D        E       F      G
               +--------+--------+--------+--------+--------+-----+--------+
         Total |   2979 |   2910 |     69 |      0 |   2417 |   4 |  744.8 |
       Dungeon |   2979 |   2910 |     69 |      0 |   2417 |   4 |  744.8 |
               +--------+--------+--------+--------+--------+-----+--------+

Top non-repeatable levels by time:
     D:1: 1351 daAuts
     D:2: 859 daAuts
     D:3: 678 daAuts
     D:4: 90 daAuts
